 Seeded DCSS version 0.29.1-15-g9cfb28693d (webtiles) character file.

Game seed: 10165163451824931987 (custom seed)

9 Psyclone the Stinger (level 2, 15/15 HPs)
             Began as a Deep Elf Venom Mage on Sept 23, 2023.
             Quit the game on level 1 of the Dungeon.
             The game lasted 00:01:06 (594 turns).

Psyclone the Stinger (Deep Elf Venom Mage)           Turns: 594, Time: 00:01:07

Health: 15/15      AC:  2    Str:  5    XL:     2   Next: 3%
Magic:  8/8        EV: 12    Int: 19    God:
Gold:   1881       SH:  0    Dex: 15    Spells: 6/7 levels left

rFire   . . .      SeeInvis .   d - +0 dagger
rCold   . . .      Faith    .   (no shield)
rNeg    . . .      Spirit   .   a - +0 robe
rPois   .          Reflect  .   (no helmet)
rElec   .          Harm     .   (no cloak)
rCorr   .          Rampage  .   (no gloves)
Will    .....                   (no boots)
Stlth   ++........              (no amulet)
HPRegen 0.05/turn               (no ring)
MPRegen 0.11/turn               (no ring)

@: no status effects
A: no striking features
a: no special abilities


You were on level 1 of the Dungeon.
You visited 1 branch of the dungeon, and saw 1 of its levels.

You collected 1881 gold pieces.

Inventory:

Hand Weapons
 d - a +0 dagger (weapon)
Armour
 a - a +0 robe (worn)
Jewellery
 e - an amulet of regeneration
Scrolls
 c - a scroll of enchant weapon {unknown}
Potions
 b - a potion of magic


   Skills:
 + Level 2.6 Dodging
 + Level 2.7 Stealth
 + Level 3.2 Spellcasting
 + Level 1.3 Transmutations
 + Level 3.4 Poison Magic


You had 6 spell levels left.
You knew the following spells:

 Your Spells              Type           Power      Damage    Failure   Level
a - Sting                 Tmut/Pois      48%        1d5       5%          1

Your spell library contained the following spells:

 Spells                   Type           Power      Damage    Failure   Level
 Poisonous Vapours        Pois/Air       18%        N/A       11%         2
 Mephitic Cloud           Conj/Pois/Air  7%         N/A       28%         3
 Olgreb's Toxic Radiance  Pois           16%        N/A       36%         4


Dungeon Overview and Level Annotations

Branches:
Dungeon (1/15) Zot: 5406

Altars:


Message History

Aiming: Sting (safe; 6% risk of failure)
Press: ? - help, Shift-Dir - straight line, f/p - goblin
Aim: a goblin, wielding a +0 club (moderately wounded, poisoned, 64% to hit)
The sting hits the goblin.
The goblin looks even sicker.
The goblin is almost dead.
You kill the goblin!
You now have 4/6 mp.
Casting: Sting (safe; 5% risk of failure)
Confirm with . or Enter, or press ? or * to list all spells.
Aiming: Sting (safe; 5% risk of failure)
Press: ? - help, Shift-Dir - straight line, f - endoplasm
Aim: an endoplasm (98% to hit)
The sting hits the endoplasm.
The endoplasm is poisoned.
The endoplasm is lightly wounded.
The endoplasm jiggles.
You now have 3/6 mp.
Casting: Sting (safe; 5% risk of failure)
Confirm with . or Enter, or press ? or * to list all spells.
Aiming: Sting (safe; 5% risk of failure)
Press: ? - help, Shift-Dir - straight line, f/p - endoplasm
Aim: an endoplasm (heavily wounded, poisoned, 98% to hit)
The sting hits the endoplasm.
The endoplasm looks even sicker.
The endoplasm is severely wounded.
You now have 2/6 mp.
You hit the endoplasm.
You kill the endoplasm!
You have reached level 2!
You regained 2 hp, and now have 6/15 hp.
You start resting.
Magic restored.
You regained 3 hp, and now have 9/15 hp.
MP restored: 8 You start resting.
HP restored.
Health restored: 15
Found a scroll of acquirement and 7 gold pieces.
f - a scroll of acquirement Something appears at your feet!
You now have 1881 gold pieces (gained 1135).
Are you sure you want to abandon this character and quit the game? (Confirm with "yes".)

..........#........#.....#
#.....###.##........####+##
..##...##.##........#
.......#.##........#
#......)+........#
##......#........#
##...############
##.##.$...# ###.##..@.##
#..).....## #.#.##...#
..?..##...$...
..#.####...###.# ....#.
#...# ... # #...# .. #....
#...#.


There were no monsters in sight!

Vanquished Creatures
  2 endoplasms (D:1)
  2 goblins (D:1)
  2 hobgoblins (D:1)
  A bat (D:1)
7 creatures vanquished.

Notes
Turn   | Place    | Note
-------+----------+-------------------------------------------
     0 | D:1      | Psyclone the Deep Elf Venom Mage began the quest for the
                  | Orb.
     0 | D:1      | Reached XP level 1. HP: 10/10 MP: 6/6
   140 | D:1      | Identified a scroll of acquirement
   140 | D:1      | Acquired 735 gold pieces
   417 | D:1      | Reached XP level 2. HP: 6/15 MP: 2/8
   590 | D:1      | Acquired 1135 gold pieces
   594 | D:1      | Quit the game

Illustrated notes

Levels and vault maps discovered:
D:1:      evilmike_arrival_fibonacci_small, layout_loops_ring, serial_shops,
          nicolae_shop_behind_doors, ebering_dispersal_statue_hall

Action                   || total
-------------------------++-------
Melee: Dagger            ||     3
 Cast: Sting             ||    15
  Use: Scroll            ||     2
Armor: Robe              ||     1
Dodge: Dodged            ||     2
